AoeStats
← ProdTableJour

Arena

503884574Analyzed
2v2 RM · 29d ago on Sep 2, 2026· 30m 21s· 4 players
Game mode
Random Map
Map size
Medium (4 player)
Population
200
Speed
Normal
Resources
Standard
Victory
Conquest
Starting age
Dark Age
Ending age
Imperial Age
RankedLock teamsTeams togetherTeam positionsShared explorationLock speedFull tech treeHidden civsTurbo modeCheats
Victory
Defeat
🇦🇷 Chinese · Argentina
980
+13
🇦🇷 Franks · Argentina
979
+14
🇹🇷 Huns · Türkiye
945
-42
🇹🇷 Turks · Türkiye
905
-13
el paisa
11:53 Feudal Age
15:53 Castle Age
14:33 Double-Bit Axe
14:43 Stone Mining
14:59 Gold Mining
17:21 Bow Saw
24:28 Wheelbarrow
28:20 Hand Cart
31:55 Imperial Age
PaNcHiTo
0:31 Loom
12:55 Feudal Age
17:12 Castle Age
15:08 Double-Bit Axe
15:55 Gold Mining
16:00 Stone Mining
16:44 Horse Collar
18:35 Wheelbarrow
19:16 Bow Saw
25:32 Hand Cart
32:19 Imperial Age
ProdTableJour
10:30 Feudal Age
11:17 Double-Bit Axe
12:25 Horse Collar
17:30 Castle Age
17:44 Gold Mining
18:47 Bow Saw
19:50 Stone Mining
21:27 Wheelbarrow
OkiFox
18:27 Feudal Age
28:36 Castle Age
Connection lost

Rejoining the realm…

Still unreachable

The connection could not be restored.

Session expired

The server has moved on; the page needs a fresh start.